 Dungeon Sprint DCSS version 0.17-a0-1646-geb1493d (webtiles) character file.

30116 nuthulu the Warrior (level 13, -1/134 HPs)
             Began as a Red Draconian Fighter on Aug 10, 2015.
             Was the Champion of Cheibriados.
             Killed by the air
             ... invoked by a wind drake
              (14 damage)
             ... in the Dungeon (Sprint V: "Ziggurat Sprint").
             The game lasted 00:08:14 (1493 turns).

nuthulu the Warrior (Red Draconian Fighter)         Turns: 1493, Time: 00:08:15

Health: -1/134     AC: 11    Str: 36    XL:     13   Next: 18%
Magic:  16/22      EV: 27    Int: 25    God:    Cheibriados [******]
Gold:   0          SH: 36    Dex: 34    Spells: 0 memorised, 12 levels left

rFire  + . .     SeeInvis +     I - +14 obsidian axe {chop, +Fly Str+3 SInv *Curse} (curse)
rCold  + + .     Clarity  .     (armour unavailable)
rNeg   + . .     SustAt   +     J - +18 shield of the gong {rElec rN+ MR+ EV-5}
rPois  +         Gourm    .     (helmet restricted)
rElec  +         Spirit   .     L - +2 cloak {MR+}
rCorr  .         Warding  .     (no gloves)
rMut   .         NoTele   +     (no boots)
MR     ++...                    Z - amulet of regeneration
Stlth  +++.......               O - ring "Ehastril" {rPois rC+ Int+2 Dex+4 Slay+2}
                                s - ring "Uviwat" {SustAt rPois rC+ Str-2 SInv}

@: mesmerised, studying Crossbows, very slow, very resistant to hostile
enchantments, fairly stealthy
A: breathe fire, unfitting armour, fire resistance 1, cold-blooded, AC +8
a: Breathe Fire, Bend Time, Temporal Distortion, Slouch, Step From Time,
Renounce Religion, Evoke Flight


You were in the Dungeon.
You worshipped Cheibriados.
Cheibriados was exalted by your worship.
You were not hungry.

You visited 1 branch

Inventory:

Hand weapons
 a - a +0 war axe
 I - the cursed +14 obsidian axe (weapon) {chop, +Fly Str+3 SInv *Curse}
   (You found it in the Dungeon)

   It inflicts extra damage upon your enemies.
   It affects your strength (+3).
   It lets you see invisible.
   It lets you fly.
   It may re-curse itself when equipped.
   It has a curse placed upon it.
Armour
 b - a +0 shield
 J - the +18 shield of the gong (worn) {rElec rN+ MR+ EV-5}
   (You found it in the Dungeon)

   It affects your evasion (-5).
   It insulates you from electricity.
   It protects you from negative energy.
   It affects your resistance to hostile enchantments.
 L - a +2 cloak of magic resistance (worn)
Rods
 N - a +2 iron rod (14/14)
   (You found it in the Dungeon)
 Q - a +2 iron rod (13/13)
   (You found it in the Dungeon)
 T - a +8 rod of ignition (10/10)
   (You found it in the Dungeon)
Jewellery
 n - a +1 ring of evasion
 s - the ring "Uviwat" (left hand) {SustAt rPois rC+ Str-2 SInv}
   (You found it in the Dungeon)

   [ring of sustain attributes]

   It sustains your strength, intelligence and dexterity.
   It affects your strength (-2).
   It protects you from cold.
   It protects you from poison.
   It lets you see invisible.
 C - a +6 ring of dexterity
 D - a +6 ring of dexterity
 E - a +6 ring of intelligence
 F - a +6 ring of intelligence
 G - a +6 ring of strength
 H - a +6 ring of strength
 K - a +5 ring of strength
 M - an uncursed ring of protection from fire
 O - the ring "Ehastril" (right hand) {rPois rC+ Int+2 Dex+4 Slay+2}
   (You found it in the Dungeon)

   [ring of protection from cold]

   It affects your intelligence (+2).
   It affects your dexterity (+4).
   It affects your accuracy and damage with ranged weapons and melee attacks
   (+2).
   It protects you from cold.
   It protects you from poison.
 P - a +2 ring of intelligence
 R - the ring of Shaolin {EV+8}
   (You found it in the Dungeon)

   [ring of evasion]

   It affects your evasion (+8).
 U - an uncursed ring of magical power
 X - the ring "Zibot" {rF+ Int+4}
   (You found it in the Dungeon)

   [ring of protection from fire]

   It affects your intelligence (+4).
   It protects you from fire.
 Y - the ring "Baviehuilo" {Str+2 Dex+3}
   (You found it in the Dungeon)

   [ring of dexterity]

   It affects your strength (+2).
   It affects your dexterity (+3).
 Z - an amulet of regeneration (around neck)
Magical devices
 y - a wand of disintegration (7)
 z - a wand of fire (5)
 A - a wand of cold (5)
 B - a wand of draining (5)
Scrolls
 j - 4 scrolls of blinking
 p - 4 scrolls of amnesia
 q - 3 scrolls of recharging
 r - 7 scrolls of fog
 t - 5 scrolls of identify
 u - 5 scrolls of remove curse
 v - 2 scrolls of fear
 V - a scroll of brand weapon
Potions
 c - 5 potions of might
 e - 10 potions of curing
 f - 6 potions of heal wounds
 g - 6 potions of haste
 h - 6 potions of magic
 i - 3 potions of berserk rage
 k - 2 potions of brilliance
 l - 2 potions of invisibility
 m - 4 potions of resistance
 o - 5 potions of agility
Books
 W - a manual of Crossbows
Comestibles
 d - 4 bread rations
 w - 42 fruits
 x - 4 meat rations
 S - 3 royal jellies


   Skills:
 + Level 18.2 Fighting
 + Level 16.8 Axes
 + Level 15.1 Dodging
 + Level 16.3 Shields
 + Level 12.0 Invocations


You had 12 spell levels left.
You didn't know any spells.

Dungeon Overview and Level Annotations

Branches:
Dungeon (1/1)

Altars:
Ashenzari
Cheibriados
Dithmenos
Elyvilon
Fedhas
Gozag
Kikubaaqudgha
Makhleb
Nemelex Xobeh
Okawaru
Qazlal
Ru
Sif Muna
Trog
Vehumet
Xom
Yredelemnul
Zin
The Shining One
Beogh
Jiyva
Lugonu


Innate Abilities, Weirdness & Mutations

You can breathe blasts of fire.
Your fiery red scales are hard (AC +8).
Your body does not fit into most forms of armour.
Your flesh is heat resistant.
You are cold-blooded and may be slowed by cold attacks.


Message History

You destroy the air elemental!
Cheibriados thoroughly appreciates the change of pace.
You destroy the air elemental!
Cheibriados thoroughly appreciates the change of pace.
You destroy the air elemental!
Cheibriados thoroughly appreciates the change of pace.
You destroy the insubstantial wisp!
Cheibriados thoroughly appreciates the change of pace.
Your Invocations skill increases to level 12!
You destroy the air elemental!
Cheibriados thoroughly appreciates the change of pace.
You feel somewhat more hungry.
Visions of slaying the wind drake flood into your mind.
The spriggan air mage waves its arms in wide circles.
The air twists around and strikes you!
* * * LOW HITPOINT WARNING * * *
The insubstantial wisp blinks!
The wind drake flaps its wings at you. The air twists around and strikes you!
You die...

▓▓▓▓▓▓▓▓▓▓▓▓▓▓▓..[))=.)[
▓.....8©8.....▓...)}.::[
▓..)):)..|)=..▓.........
▓..:[§=C})})..▓.........
▓.......D.....▓.........
▓......ki.v...▓.........
▓.....kDik....▓.........
▓.............▓.........
▓.....v@k.....▓.........
▓.............▓.........
▓.............▓▓▓▓▓▓▓▓▓▓
▓.............▓.≈≈.8©8≈≈
▓.............▓..:}")|≈:
▓.............▓.≈.[)=≈≈.
▓▓▓▓▓▓▓▓▓▓▓▓▓▓▓≈≈..≈..≈≈
▓≈.≈..≈≈.≈ ▓.........


You could see a titan, 2 storm dragons, 4 wind drakes, 2 spriggan air magi and 2
insubstantial wisps.

Vanquished Creatures
  A bone dragon (D)
  An azure jelly (D)
  A very ugly thing (D)
  A reaper (D)
  2 death oozes (D)
  A merfolk javelineer (D)
  3 merfolk impalers (D)
  An anaconda (shapeshifter) (D)
  An alligator snapping turtle (D)
  An ogre mage (D)
  2 hell hogs (D)
  A skeletal warrior (D)
  2 sea snakes (D)
  A giant orange brain (D)
  A harpy (D)
  A necromancer (D)
  A hill giant (D)
  An ugly thing (D)
  A cyclops (shapeshifter) (D)
  An octopode (shapeshifter) (D)
  A water nymph (D)
  3 cyclopes (D)
  A mana viper (shapeshifter) (D)
  3 tormentors (D)
  A merfolk (D)
  A queen bee (shapeshifter) (D)
  A red devil (D)
  A jumping spider (shapeshifter) (D)
  2 trolls (D)
  9 slime creatures (D)
  6 air elementals (D)
  A flying skull (D)
  A wraith (D)
  A fire elemental (D)
  2 vampires (D)
  A hippogriff (shapeshifter) (D)
  A golden eye (D)
  3 neqoxecs (D)
  An insubstantial wisp (D)
  3 hell hounds (D)
  3 phantoms (D)
  An ogre (D)
  8 wights (D)
  A small abomination (D)
  A quasit (D)
  6 jellies (D)
  An iron imp (D)
  A mummy (D)
  2 shadow imps (D)
  A white imp (D)
  3 oozes (D)
  4 adder skeletons (D)
  An adder zombie (D)
  4 bat skeletons (D)
  4 bat zombies (D)
  2 giant cockroach zombies (D)
  A giant gecko skeleton (D)
  2 giant gecko zombies (D)
  A jackal zombie (D)
  2 quokka skeletons (D)
117 creatures vanquished.

Vanquished Creatures (collateral kills)
  An ironheart preserver (D)
  2 necromancers (D)
  2 draconians (D)
  A cyclops (D)
  A siren (D)
  A blue devil (D)
  A freezing wraith (D)
  A slime creature (D)
  A necrophage (D)
  2 phantoms (D)
  A jelly (D)
  A giant eyeball (D)
  An ooze (D)
  A ball python zombie (D)
  A quokka zombie (D)
18 creatures vanquished.

Vanquished Creatures (others)
  A vampire (D)
1 creature vanquished.

Grand Total: 136 creatures vanquished

Notes
Turn   | Place    | Note
--------------------------------------------------------------
     0 | D        | nuthulu the Draconian Fighter began the quest for the Orb.
     0 | D        | Reached XP level 1. HP: 19/19 MP: 1/1
     0 | D        | Found a roughly hewn altar of Beogh.
     0 | D        | Found a corrupted altar of Lugonu.
     0 | D        | Found a viscous altar of Jiyva.
     0 | D        | Found a white marble altar of Elyvilon.
     0 | D        | Found a sparkling altar of Nemelex Xobeh.
     0 | D        | Found a burning altar of Makhleb.
     0 | D        | Found an iron altar of Okawaru.
     0 | D        | Found a deep blue altar of Sif Muna.
     0 | D        | Found a radiant altar of Vehumet.
     0 | D        | Found a bloodstained altar of Trog.
     0 | D        | Found a shimmering altar of Xom.
    64 | D        | Became a worshipper of Cheibriados the Contemplative
    69 | D        | Reached skill level 6 in Fighting
    69 | D        | Reached skill level 5 in Axes
    69 | D        | Reached XP level 2. HP: 23/31 MP: 2/2
   148 | D        | Entered arena 1.
   148 | D        | Noticed a draconian
   148 | D        | Noticed a draconian
   155 | D        | Killed a draconian
   155 | D        | Reached skill level 9 in Fighting
   155 | D        | Reached XP level 3. HP: 32/42 MP: 3/3
   155 | D        | Reached XP level 4. HP: 38/50 MP: 4/4
   155 | D        | Reached XP level 5. HP: 43/57 MP: 5/5
   155 | D        | Reached XP level 6. HP: 47/63 MP: 6/6
   156 | D        | Killed a draconian
   156 | D        | Reached skill level 10 in Fighting
   156 | D        | Your scales start taking on a fiery red colour.
   156 | D        | Gained mutation: Your flesh is heat resistant. [Red Draconian growth]
   156 | D        | Reached XP level 7. HP: 51/73 MP: 7/7
   209 | D        | Entered arena 2.
   213 | D        | Acquired Cheibriados's first power
   247 | D        | Entered arena 3.
   247 | D        | Noticed a hell hog
   247 | D        | Noticed a fire elemental
   247 | D        | Noticed a hell hog
   247 | D        | Noticed a hell hound
   252 | D        | Killed a hell hog
   252 | D        | Reached skill level 11 in Fighting
   252 | D        | Reached skill level 10 in Axes
   252 | D        | Reached XP level 8. HP: 43/82 MP: 8/8
   252 | D        | Killed a fire elemental
   252 | D        | Acquired Cheibriados's second power
   253 | D        | Killed a hell hog
   253 | D        | Reached skill level 12 in Fighting
   253 | D        | Reached skill level 10 in Shields
   254 | D        | Killed a hell hound
   254 | D        | Acquired Cheibriados's third power
   254 | D        | Reached XP level 9. HP: 27/90 MP: 9/9
   520 | D        | Entered arena 4.
   520 | D        | Noticed a giant orange brain
   520 | D        | Noticed a cyan ugly thing
   520 | D        | Noticed an ironheart preserver
   520 | D        | Noticed an ogre mage
   526 | D        | Killed an ironheart preserver
   526 | D        | Reached skill level 13 in Fighting
   526 | D        | Reached skill level 10 in Dodging
   528 | D        | Killed an ogre mage
   529 | D        | Killed a cyan ugly thing
   529 | D        | Reached XP level 10. HP: 97/101 MP: 5/10
   534 | D        | Killed a giant orange brain
   534 | D        | Acquired Cheibriados's fourth power
   561 | D        | Entered arena 5.
   561 | D        | Noticed a jelly
   561 | D        | Noticed a jelly
   561 | D        | Noticed a jelly
   561 | D        | Noticed a jelly
   561 | D        | Noticed a slime creature
   564 | D        | Killed a slime creature
   566 | D        | Killed a jelly
   566 | D        | Killed a jelly
   567 | D        | Killed a jelly
   567 | D        | Killed a jelly
   577 | D        | Entered arena 6.
   577 | D        | Noticed a quasit
   577 | D        | Noticed a small abomination
   577 | D        | Noticed a bone dragon
   579 | D        | Killed a small abomination
   579 | D        | Killed a quasit
   588 | D        | Killed a bone dragon
   588 | D        | Reached skill level 14 in Fighting
   657 | D        | Entered arena 7.
   657 | D        | Noticed a phantom
   657 | D        | Noticed a wight
   667 | D        | Killed a wight
   667 | D        | Killed a phantom
   673 | D        | Got the ring "Uviwat" {SustAt rPois rC+ Str-2 SInv}
   678 | D        | Entered arena 8.
   678 | D        | Noticed a troll
   678 | D        | Noticed a cyclops
   678 | D        | Noticed a cyclops
   678 | D        | Noticed a hill giant
   678 | D        | Noticed a troll
   678 | D        | Noticed a cyclops
   678 | D        | Noticed an ogre
   683 | D        | Killed a troll
   683 | D        | Reached skill level 1 in Invocations
   684 | D        | Killed an ogre
   686 | D        | Killed a troll
   686 | D        | Reached skill level 15 in Fighting
   686 | D        | Reached XP level 11. HP: 110/112 MP: 10/12
   686 | D        | Killed a cyclops
   690 | D        | Killed a cyclops
   690 | D        | Killed a hill giant
   690 | D        | Killed a cyclops
   698 | D        | Entered arena 9.
   698 | D        | Noticed a slime creature
   698 | D        | Noticed a jelly
   698 | D        | Noticed a slime creature
   698 | D        | Noticed a slime creature
   701 | D        | Killed a jelly
   702 | D        | Paralysed by a giant eyeball for 2 turns
   704 | D        | Killed a slime creature
   705 | D        | Killed a slime creature
   708 | D        | Killed a slime creature
   708 | D        | Paralysed by a giant eyeball for 4 turns
   725 | D        | Entered arena 10.
   725 | D        | Noticed a phantom
   725 | D        | Noticed a phantom
   725 | D        | Noticed a phantom
   725 | D        | Noticed a phantom
   725 | D        | Noticed a wight
   728 | D        | Killed a wight
   730 | D        | Killed a phantom
   731 | D        | Killed a phantom
   733 | D        | Killed a phantom
   734 | D        | Killed a phantom
   745 | D        | Entered arena 11.
   745 | D        | Noticed a blue devil
   746 | D        | Noticed a tormentor
   746 | D        | Noticed a freezing wraith
   746 | D        | Noticed a tormentor
   753 | D        | Killed a tormentor
   753 | D        | Reached skill level 5 in Invocations
   753 | D        | Killed a blue devil
   754 | D        | Killed a tormentor
   756 | D        | Killed a freezing wraith
   763 | D        | Got the ring "Ehastril" {rPois rC+ Int+2 Dex+4 Slay+2}
   816 | D        | Entered arena 12.
   816 | D        | Noticed a hippogriff
   816 | D        | Noticed a neqoxec
   816 | D        | Noticed a mana viper
   816 | D        | Noticed a hornet
   816 | D        | Noticed a cyclops
   817 | D        | Noticed a red very ugly thing
   817 | D        | Noticed a fire crab
   817 | D        | Noticed a snapping turtle
   817 | D        | Noticed a neqoxec
   817 | D        | Noticed an elephant
   817 | D        | Noticed a neqoxec
   817 | D        | a fire crab changed into an octopode
   817 | D        | Noticed a great orb of eyes
   817 | D        | a snapping turtle changed into a great orb of eyes
   817 | D        | Noticed an anubis guard
   817 | D        | an elephant changed into an anubis guard
   817 | D        | Noticed a shock serpent
   817 | D        | a cyclops changed into a shock serpent
   818 | D        | Noticed an ice dragon
   818 | D        | a great orb of eyes changed into an ice dragon
   818 | D        | Noticed an anaconda
   818 | D        | an ice dragon changed into an anaconda
   818 | D        | a hornet changed into a cyclops
   818 | D        | a shock serpent changed into a snapping turtle
   819 | D        | Killed a mana viper
   819 | D        | Noticed a fire crab
   819 | D        | an anubis guard changed into a fire crab
   820 | D        | Killed a hippogriff
   820 | D        | Killed a neqoxec
   820 | D        | Killed an anaconda
   820 | D        | Killed a neqoxec
   821 | D        | Reached skill level 16 in Fighting
   821 | D        | Killed a neqoxec
   821 | D        | a fire crab changed into a queen bee
   822 | D        | Noticed a giant orange brain
   822 | D        | a snapping turtle changed into a giant orange brain
   823 | D        | Killed a red very ugly thing
   824 | D        | a giant orange brain changed into a cyclops
   828 | D        | Reached skill level 15 in Axes
   870 | D        | Entered arena 13.
   881 | D        | Noticed a harpy
   881 | D        | Noticed a merfolk impaler
   881 | D        | Noticed an alligator snapping turtle
   881 | D        | Noticed a merfolk javelineer
   881 | D        | Noticed a sea snake
   881 | D        | Noticed a sea snake
   881 | D        | Noticed a merfolk impaler
   881 | D        | Noticed a merfolk impaler
   882 | D        | Noticed a water nymph
   882 | D        | Noticed a cyclops
   882 | D        | Killed a harpy
   883 | D        | Noticed a siren
   883 | D        | Noticed a merfolk
   885 | D        | Killed a sea snake
   885 | D        | Reached XP level 12. HP: 67/124 MP: 2/18
   888 | D        | Killed a sea snake
   890 | D        | Killed a water nymph
   890 | D        | Killed a siren
   891 | D        | Killed a merfolk impaler
   891 | D        | Killed a merfolk javelineer
   891 | D        | Reached skill level 15 in Shields
   891 | D        | Killed a merfolk impaler
   891 | D        | Reached skill level 17 in Fighting
   891 | D        | Killed a merfolk impaler
   891 | D        | Killed a merfolk
   892 | D        | Killed a cyclops
   896 | D        | Killed an alligator snapping turtle
  1153 | D        | Entered arena 14.
  1154 | D        | Noticed an azure jelly
  1154 | D        | Noticed a jelly
  1154 | D        | Noticed a jelly
  1154 | D        | Noticed a death ooze
  1154 | D        | Noticed a slime creature
  1154 | D        | Noticed a slime creature
  1155 | D        | Noticed a slime creature
  1155 | D        | Noticed a slime creature
  1155 | D        | Noticed a slime creature
  1155 | D        | Noticed a death ooze
  1155 | D        | Noticed a golden eye
  1155 | D        | Noticed a slime creature
  1156 | D        | Killed a jelly
  1157 | D        | Killed a death ooze
  1157 | D        | Reached skill level 10 in Invocations
  1159 | D        | Killed a jelly
  1159 | D        | Killed a golden eye
  1160 | D        | Killed a slime creature
  1161 | D        | Killed a slime creature
  1162 | D        | Killed a slime creature
  1163 | D        | Killed a slime creature
  1165 | D        | Killed a death ooze
  1166 | D        | Killed a slime creature
  1167 | D        | Killed a slime creature
  1168 | D        | Killed an azure jelly
  1351 | D        | Entered arena 15.
  1351 | D        | Noticed a vampire
  1351 | D        | Noticed a vampire
  1352 | D        | Noticed a necromancer
  1352 | D        | Noticed a wight
  1352 | D        | Noticed a necromancer
  1352 | D        | Noticed a wight
  1352 | D        | Noticed a wight
  1353 | D        | Noticed a necromancer
  1353 | D        | Noticed a wight
  1355 | D        | Noticed a vampire
  1356 | D        | Killed a wight
  1357 | D        | Killed a wight
  1357 | D        | Killed a vampire
  1358 | D        | Killed a wight
  1358 | D        | Killed a necromancer
  1360 | D        | Killed a vampire
  1360 | D        | Killed a necromancer
  1362 | D        | Killed a wight
  1364 | D        | Killed a vampire
  1364 | D        | Killed a necromancer
  1369 | D        | Got the ring "Zibot" {rF+ Int+4}
  1371 | D        | Got the ring "Baviehuilo" {Str+2 Dex+3}
  1377 | D        | Entered arena 16.
  1377 | D        | Noticed a hell hound
  1380 | D        | Noticed a hell hound
  1380 | D        | Noticed a reaper
  1380 | D        | Noticed a red devil
  1380 | D        | Noticed a tormentor
  1380 | D        | Noticed a flying skull
  1380 | D        | Noticed a skeletal warrior
  1381 | D        | Noticed a necrophage
  1381 | D        | Noticed an iron imp
  1381 | D        | Noticed a wraith
  1381 | D        | Noticed a wight
  1381 | D        | Noticed a wight
  1383 | D        | Killed a hell hound
  1385 | D        | Killed a hell hound
  1385 | D        | Reached XP level 13. HP: 42/132 MP: 21/21
  1385 | D        | Killed a tormentor
  1385 | D        | Killed a flying skull
  1385 | D        | Killed a wight
  1385 | D        | Killed a wight
  1386 | D        | Killed a necrophage
  1386 | D        | Reached skill level 18 in Fighting
  1390 | D        | Killed an iron imp
  1390 | D        | Killed a wraith
  1392 | D        | Killed a red devil
  1395 | D        | Killed a reaper
  1395 | D        | Reached skill level 15 in Dodging
  1395 | D        | Killed a skeletal warrior
  1486 | D        | Entered arena 17.
  1489 | D        | Noticed an air elemental
  1489 | D        | Noticed a wind drake
  1489 | D        | Noticed an air elemental
  1489 | D        | Noticed an air elemental
  1489 | D        | Noticed a wind drake
  1489 | D        | Noticed a titan
  1489 | D        | Noticed a storm dragon
  1489 | D        | Noticed an insubstantial wisp
  1489 | D        | Noticed an insubstantial wisp
  1490 | D        | Noticed a spriggan air mage
  1490 | D        | Noticed a storm dragon
  1490 | D        | Noticed a wind drake
  1490 | D        | Noticed an air elemental
  1490 | D        | Noticed an insubstantial wisp
  1490 | D        | Noticed an air elemental
  1490 | D        | Noticed an air elemental
  1490 | D        | Noticed a wind drake
  1490 | D        | Noticed a spriggan air mage
  1491 | D        | Killed an air elemental
  1493 | D        | Killed an air elemental
  1493 | D        | Killed an air elemental
  1493 | D        | Killed an air elemental
  1493 | D        | Killed an air elemental
  1493 | D        | Killed an insubstantial wisp
  1493 | D        | Killed an air elemental
  1493 | D        | Killed from afar by a wind drake

Vault maps used:
D:        sprint_v

Action                   |  1- 3 |  4- 6 |  7- 9 | 10-12 | 13-15 || total
-------------------------+-------+-------+-------+-------+-------++-------
Melee: Broad axe         |     4 |     1 |    16 |    85 |    11 ||   117
Invok: Slouch            |       |       |     1 |    10 |     2 ||    13
  Use: Potion            |     3 |       |       |     3 |     1 ||     7
       Scroll            |       |       |       |     1 |       ||     1
 Stab: Distracted        |       |       |     1 |     1 |       ||     2
  Eat: Bread ration      |       |       |       |     1 |       ||     1
